 Dungeon Crawl Stone Soup version 0.27-a0-1136-g0b992a5a9d (webtiles) character file.

Game seed: 1337299027277802015

22 dolemite99 the Chopper (level 2, -5/26 HPs)
             Began as a Hill Orc Monk on May 5, 2021.
             Was an Initiate of Ru.
             Slain by an iguana (9 damage)
             ... on level 2 of the Dungeon.
             The game lasted 00:01:11 (1541 turns).

dolemite99 the Chopper (Hill Orc Monk)              Turns: 1541, Time: 00:01:12

Health: -5/26      AC:  2    Str: 13    XL:     2   Next: 91%
Magic:  2/2        EV: 12    Int: 10    God:    Ru [......]
Gold:   22         SH:  0    Dex: 13    Spells: 1/1 levels left

rFire    + . .     SeeInvis .   a - +0 hand axe
rCold    . . .     Faith    .   (no shield)
rNeg     . . .     Spirit   .   b - +0 robe
rPois    .         Reflect  .   (no helmet)
rElec    .         Harm     .   (no cloak)
rCorr    .         Rampage  .   (no gloves)
Will     .....                  (no boots)
Stlth    ..........             (no amulet)
HPRegen  0.08/turn              f - ring of protection from fire
MPRegen  0.08/turn              (no ring)

@: no status effects
A: no stealth
a: Renounce Religion


You were on level 2 of the Dungeon.
You worshipped Ru.
Ru was noncommittal.
You visited 1 branch of the dungeon, and saw 2 of its levels.

You collected 22 gold pieces.

Inventory:

Hand Weapons
 a - a +0 hand axe (weapon)
Missiles
 h - 25 sling bullets
Armour
 b - a +0 robe (worn)
Jewellery
 f - a ring of protection from fire (left hand)
Scrolls
 c - a scroll of identify {unknown}
 g - a scroll of magic mapping {unknown}
Potions
 d - 4 potions of flight {unknown}
 e - a potion of curing {unknown}
 i - 2 potions of attraction {unknown}


   Skills:
 - Level 3.6 Fighting
 + Level 5.4 Axes
 - Level 2.4 Dodging


You had one spell level left.
You didn't know any spells.
Your spell library contained the following spells:

 Spells                   Type           Power      Damage    Failure   Level
 Confusing Touch          Hex            0%         N/A       75%         3
 Gell's Gravitas          Tloc           0%         N/A       75%         3
 Petrify                  Tmut/Erth      0%         N/A       98%         4
 Metabolic Englaciation   Hex/Ice        0%         N/A       100%        5
 Yara's Violent Unravell  Hex/Tmut       0%         3d3       100%        5


Dungeon Overview and Level Annotations

Branches:
Dungeon (2/15)

Altars:
Ru


Innate Abilities, Weirdness & Mutations

You cannot be stealthy.


Message History

The bat is severely wounded.
The bat hits you but does no damage. The bat misses you.
You hit the bat.
You kill the bat!
You hit the iguana but do no damage.
The iguana bites you but does no damage.
You hit the iguana but do no damage. The iguana misses you.
You hit the iguana.
The iguana is heavily wounded.
The iguana bites you.
You hit the iguana but do no damage.
The iguana is heavily wounded.
The iguana barely misses you.
You hit the iguana but do no damage.
The iguana is heavily wounded.
The iguana misses you.
You hit the iguana.
The iguana is heavily wounded.
The iguana barely misses you.
You hit the iguana.
The iguana is almost dead.
The iguana barely misses you.
You hit the iguana but do no damage.
The iguana is almost dead.
The iguana misses you.
You hit the iguana but do no damage.
The iguana is almost dead.
The iguana bites you.
You completely miss the iguana.
The iguana is almost dead.
The iguana misses you.
You hit the iguana but do no damage.
The iguana is almost dead.
The iguana bites you!
Ouch! That really hurt!
* * * LOW HITPOINT WARNING * * *
You hit the iguana but do no damage.
The iguana is almost dead.
The iguana bites you!
You die...

## ... ### ...#
#... ..# #.#.# #.#
..###. #.# #.#
#.#.###.########.#
#...l@.......##.#
#..###.#####.##.#
#..# #.# #.##.#
.........#
#.#####.##.#
###....#.#
#..........#
##...#.#
#######.##.#
...>##.# #.##.#
####. #.# #.##.#
#. #.# #.##.#


You could see an iguana.

Vanquished Creatures
  2 dart slugs (D:1)
  4 ball pythons (D:1)
  2 bats
  3 endoplasms (D:1)
  A goblin (D:1)
  A hobgoblin (D:1)
  A kobold (D:1)
  A frilled lizard (D:1)
  2 rats (D:1)
17 creatures vanquished.

Notes
Turn   | Place    | Note
-------+----------+-------------------------------------------
     0 | D:1      | dolemite99 the Hill Orc Monk began the quest for the Orb.
     0 | D:1      | Reached XP level 1. HP: 19/19 MP: 1/1
   184 | D:1      | Reached XP level 2. HP: 11/26 MP: 2/2
   587 | D:1      | Found a faded altar of an unknown god.
   748 | D:1      | Became a worshipper of Ru the Awakened
   751 | D:1      | Gained mutation: You cannot be stealthy. [Ru sacrifice]
   861 | D:1      | Reached skill level 5 in Axes
  1541 | D:2      | Slain by an iguana

Illustrated notes

Levels and vault maps discovered:
D:1:      amcnicky_arrival_wind_blow, layout_basic,
          shapermc_ecumenical_altar_mp_ritualfount, minmay_misc_feat_encased
D:2:      layout_loops_ring, minmay_misc_feat_roman

Skill      XL: |  1  2 |
---------------+-------+-----
Stealth        | 0 |  0.0
Axes           | 5 |  5.4
Fighting       | |  3.6
Dodging        | |  2.4

Action                   || total
-------------------------++-------
Melee: Hand axe          ||    61
Invok: Sacrifice Stealth ||     1
 Stab: Sleeping          ||     1
Armor: Robe              ||    17
Dodge: Dodged            ||    40

Table legend: (Time is in decaauts)
 A = Elapsed time spent in this place.
 B = Non-inter-level travel time spent in this place.
 C = Inter-level travel time spent in this place.
 D = Time resting spent in this place.
 E = Time spent auto-exploring this place.
 F = Levels seen in this place.
 G = Mean time per level.
                   A        B        C        D        E       F      G
               +--------+--------+--------+--------+--------+-----+--------+
         Total |   1543 |   1483 |     60 |    287 |   1043 |   2 |  771.5 |
       Dungeon |   1543 |   1483 |     60 |    287 |   1043 |   2 |  771.5 |
               +--------+--------+--------+--------+--------+-----+--------+

Top non-repeatable levels by time:
     D:1: 1472 daAuts
     D:2: 71 daAuts
